cohdb
Replays
Latest Replays
All Replays
Popular Replays
Top Player Replays
Match Explorer
How It Works
Community
CoH3 Stats
Reddit
Sign in to upload your games and track your stats! →
Sign in with Steam
Match 39434942
Unlisted
Match 39434942
Overview
Messages
Build Orders
End
Construct Infanterie Kompanie
Selects Terror Battlegroup
MG 42 Machine Gun Team
Grenadier Squad
Grenadier Squad
GrW 34 Mortar Team
Construct Luftwaffe Kompanie
Selects Machine Gun Camouflage
221 Scout Car
Infanterie Officer Quarters
Luftwaffe Officer Quarters
Jäger Squad
Jäger Squad
Grenadier Squad
Selects Defend the Fatherland
Sonovil
Hazsart
Aprosarmosto
Onid
mntahoe
bigo167
0
0
Comments
sign in to comment!
No comments posted yet!